 Dungeon Crawl Stone Soup version 0.30-a0-948-g4fa250aae5 (webtiles) character file.

Game seed: 2337346538050601462

9320 Mickster the Cleaver (level 11, -3/95 HPs)
             Began as a Minotaur Berserker on Mar 27, 2023.
             Was a Priest of Trog.
             Slain by a komodo dragon (9 damage)
             ... on level 2 of the Lair of Beasts.
             The game lasted 02:21:59 (11062 turns).

Mickster the Cleaver (Minotaur Berserker)          Turns: 11062, Time: 02:22:00

Health: -3/95      AC: 19    Str: 25    XL:     11   Next: 21%
Magic:  10/10      EV: 10    Int:  4    God:    Trog [***...]
Gold:   205        SH:  0    Dex: 17    Spells: 10/10 levels left

rFire   . . .      SeeInvis +    J - +2 spear (venom)
rCold   . . .      Faith    .    (no shield)
rNeg    . . .      Spirit   .    S - +0 plate armour
rPois   .          Reflect  .    (helmet restricted)
rElec   .          Rampage  .    n - +0 cloak
rCorr   .                        m - +0 pair of gloves
Will    .....                    j - +0 pair of boots Stlth
                                 I - amulet of magic regeneration
HPRegen 0.35/turn                c - +6 ring of dexterity
MPRegen 0.52/turn                L - ring of see invisible

@: very slow
A: horns 2, retaliatory headbutt
a: Renounce Religion, Berserk, Trog's Hand


You were on level 2 of the Lair of Beasts.
You worshipped Trog.
Trog was most pleased with you.
You visited 3 branches of the dungeon, and saw 14 of its levels.

You collected 424 gold pieces.
You spent 219 gold pieces at shops.

Inventory:

Hand Weapons
 o - a +2 vampiric hand axe
 p - a +2 trident of draining
 s - a +3 short sword of freezing
 v - a +3 morningstar
 E - a +2 dagger of venom
 G - a +1 heavy sling
 J - a +2 spear of venom (weapon)
 M - a +4 long sword
 O - a +3 war axe
 U - a +0 arbalest
 V - a +0 trident of protection
Missiles
 a - 4 boomerangs
 f - 18 poisoned darts (quivered)
 i - 74 stones
 q - a throwing net
 x - a curare-tipped dart
Armour
 j - a +0 pair of boots (worn)
 m - a +0 pair of gloves (worn)
 n - a +0 cloak (worn)
 H - a +1 scale mail of willpower
 N - a scarf of shadows
 S - a +0 plate armour (worn)
Jewellery
 c - a +6 ring of dexterity (left hand)
 d - a ring of protection from cold
 r - a ring of willpower
 I - an amulet of magic regeneration (around neck)
 L - a ring of see invisible (right hand)
Wands
 g - a wand of light (5)
 l - a wand of roots (9)
 w - a wand of charming (13)
 A - a wand of flame (12)
 F - a wand of digging (4)
Scrolls
 b - 9 scrolls of identify
 e - a scroll of magic mapping {unknown}
 h - 5 scrolls of amnesia
 t - a scroll of fog
 y - 3 scrolls of fear
 C - 2 scrolls of teleportation
Potions
 z - a potion of might {unknown}
 D - 2 potions of flight
 K - a potion of brilliance
 P - a potion of magic
 Q - 2 potions of curing
 W - a potion of heal wounds
Miscellaneous
 Z - a lightning rod (4/4)


   Skills:
 + Level 8.7 Fighting
 - Level 0.3 Long Blades
 - Level 13.2(13.7) Axes
 * Level 5.2(10.1) Polearms
 - Level 1.2 Ranged Weapons
 - Level 2.7 Throwing
 + Level 11.1 Armour
 + Level 5.1 Dodging
 + Level 3.3 Stealth
 + Level 0.7 Evocations


You had 10 spell levels left.
You didn't know any spells.
Your spell library was empty.

Dungeon Overview and Level Annotations

Branches:
Dungeon (11/15)            Temple (1/1) D:6            Lair (1/5) D:11
    Orc (0/2) D:9

Altars:
Dithmenos
Elyvilon
Makhleb
Ru
Uskayaw
Vehumet

Shops:
D:1 :   D:7 *


Innate Abilities, Weirdness & Mutations

You have a pair of horns on your head.
You reflexively headbutt those who attack you in melee.


Message History

You punch the komodo dragon, but do no damage.
The komodo dragon is severely wounded.
The komodo dragon bites you but does no damage.
You hit the komodo dragon.
The komodo dragon is severely wounded.
The komodo dragon bites you but does no damage.
You hit the komodo dragon but do no damage.
The komodo dragon looks as sick as possible!
The komodo dragon is severely wounded.
You hit the komodo dragon.
The komodo dragon is severely wounded.
The komodo dragon bites you!!
You hit the komodo dragon.
The komodo dragon looks as sick as possible!
The komodo dragon is severely wounded.
A basilisk comes into view.
You barely miss the komodo dragon.
The komodo dragon is severely wounded.
The basilisk hisses angrily.
The komodo dragon bites you!!
* * * LOW HITPOINT WARNING * * *
You hit the komodo dragon.
The komodo dragon looks as sick as possible!
You headbutt the komodo dragon, but do no damage.
The komodo dragon is almost dead.
You kill the komodo dragon!
Trog accepts your kill.
You see here a komodo dragon corpse.
The basilisk gazes at you. You resist with some effort.
A komodo dragon comes into view.
The komodo dragon hisses angrily.
You enter the shallow water.
Moving in this stuff is going to be slow.
The komodo dragon bites you!
* * * LOW HITPOINT WARNING * * *
The komodo dragon misses you. You furiously retaliate!
You headbutt the komodo dragon! The komodo dragon bites you!
You die...

###P.........
##P#.†..l.l...
.##...(...#...#.
....~.....## ##..
..~~~~~~.#.# .
.~≈≈≈≈≈~l.##
..~~~~~~≈≈~.#
P.~≈~..~~≈l.#
#.~≈~.<.~≈@.#####
#.~≈~...~≈~.PP..#.
#.~~≈≈~≈~~~~......
...~≈≈≈~≈≈~.####..
#..~~~≈~~~~## .
#.~~~.~...#
####~..††##
##.....#
####.P..P#


You could see a komodo dragon and a basilisk.

Vanquished Creatures
  Erolcha (D:10)
  An ugly thing (D:11)
  An elephant (D:11)
  A torpor snail (Lair:2)
  A gargoyle (D:11)
  3 komodo dragons
  A troll (D:11)
  Grinder (D:3)
  4 dream sheep (Lair:2)
  Sigmund (D:3)
  A wyvern (D:11)
  2 shadows
  A vampire (D:5)
  A yak (D:9)
  A steam dragon (D:6)
  4 acid dragons
  Duvessa (D:5)
  4 black bears
  3 orc warriors
  2 ogres
  A wolf (Lair:1)
  A centaur (D:8)
  3 kobold brigands
  3 phantoms
  A gnoll sergeant (D:9)
  5 scorpions
  5 bullfrogs
  9 wights
  Dowan (D:5)
  3 killer bees (D:8)
  5 hounds
  A gnoll bouda (D:7)
  2 sleepcaps
  Jessica (D:3)
  Terence (D:2)
  4 iguanas
  3 orc wizards
  9 adders
  9 gnolls
  A shadow imp (D:6)
  A white imp (D:5)
  2 ufetubi
  3 worms
  5 dart slugs
  20 orcs
  9 endoplasms
  6 giant cockroaches
  7 goblins
  7 hobgoblins
  A jackal (D:3)
  2 quokkas (D:1)
  3 ball pythons
  A bat (D:3)
  7 frilled lizards
  21 kobolds
  4 rats
202 creatures vanquished.

Vanquished Creatures (collateral kills)
  2 yaks (D:9)
  A centaur (D:7)
  A kobold brigand (D:8)
  2 wights (D:8)
  4 orcs
  4 kobolds (D:8)
14 creatures vanquished.

Vanquished Creatures (others)
  An iguana (D:6)
  2 fungi (Lair:2)
  5 plants
8 creatures vanquished.

Grand Total: 224 creatures vanquished

Notes
Turn   | Place    | Note
-------+----------+-------------------------------------------
     0 | D:1      | Mickster the Minotaur Berserker began the quest for the
                  | Orb.
     0 | D:1      | Reached XP level 1. HP: 19/19 MP: 0/0
   145 | D:1      | Reached XP level 2. HP: 24/27 MP: 1/1
   254 | D:1      | Reached skill level 4 in Axes
   559 | D:1      | Found Rigats's Book Emporium.
   850 | D:2      | Noticed Terence
   857 | D:2      | Reached XP level 3. HP: 33/33 MP: 2/2
   862 | D:2      | Killed Terence
   968 | D:2      | Reached XP level 4. HP: 38/41 MP: 3/3
  1019 | D:2      | Reached ** piety under Trog
  1380 | D:2      | Noticed a golden eye
  1390 | D:2      | Noticed a golden eye
  1422 | D:2      | Noticed a floating eye
  1529 | D:2      | Found a radiant altar of Vehumet.
  2001 | D:3      | Found a sacrificial altar of Ru.
  2013 | D:3      | Reached skill level 5 in Axes
  2063 | D:3      | Noticed Sigmund
  2065 | D:3      | Noticed Jessica
  2072 | D:3      | Killed Sigmund
  2073 | D:3      | Reached skill level 6 in Axes
  2073 | D:3      | Reached skill level 1 in Throwing
  2073 | D:3      | Reached XP level 5. HP: 47/47 MP: 4/4
  2073 | D:3      | Reached XP level 6. HP: 55/55 MP: 5/5
  2080 | D:3      | Killed Jessica
  2531 | D:3      | Noticed Grinder
  2537 | D:3      | Reached skill level 5 in Fighting
  2549 | D:3      | Paralysed by Grinder for 5 turns
  2559 | D:3      | Killed Grinder
  2560 | D:3      | Reached skill level 1 in Stealth
  2560 | D:3      | Reached XP level 7. HP: 38/61 MP: 6/6
  2573 | D:3      | Reached skill level 7 in Axes
  2727 | D:3      | Found a hide-covered altar of Uskayaw.
  3285 | D:4      | Reached *** piety under Trog
  3581 | D:4      | You fall into a shaft and drop 2 floors!
  3596 | D:6      | Found a burning altar of Makhleb.
  3762 | D:6      | Reached skill level 8 in Axes
  3848 | D:6      | Reached skill level 5 in Armour
  3871 | D:6      | Reached XP level 8. HP: 33/68 MP: 7/7
  3988 | D:6      | Found a staircase to the Ecumenical Temple.
  3998 | Temple   | Entered the Ecumenical Temple
  4049 | D:6      | Reached skill level 9 in Axes
  4928 | D:5      | Entered Level 5 of the Dungeon
  4996 | D:5      | Noticed Duvessa
  4998 | D:5      | Noticed Dowan
  5005 | D:5      | Killed Duvessa
  5010 | D:5      | Reached skill level 10 in Axes
  5015 | D:5      | Killed Dowan
  5395 | D:5      | Reached XP level 9. HP: 75/75 MP: 8/8
  5736 | D:5      | Reached **** piety under Trog
  5868 | D:5      | Reached skill level 11 in Axes
  6112 | D:7      | HP: 3/77 [centaur/arrow (8)]
  6413 | D:7      | Found a flagged portal.
  6592 | D:7      | Found Yrhucesk's Profane Products.
  6647 | D:7      | Bought a +2 trident of draining for 219 gold pieces
  6911 | D:8      | Reached skill level 1 in Polearms
  7160 | D:8      | Reached skill level 12 in Axes
  7189 | D:8      | Reached skill level 1 in Ranged Weapons
  7819 | D:9      | Found a white marble altar of Elyvilon.
  8139 | D:9      | Reached XP level 10. HP: 84/84 MP: 9/9
  8436 | D:9      | Found a shadowy altar of Dithmenos.
  8784 | D:9      | Found a staircase to the Orcish Mines.
  9086 | D:10     | Entered Level 10 of the Dungeon
  9471 | D:10     | Noticed Erolcha
  9481 | D:10     | Killed Erolcha
  9530 | D:10     | Reached skill level 5 in Dodging
 10220 | D:11     | Noticed a gargoyle
 10224 | D:11     | Killed a gargoyle
 10225 | D:11     | Reached skill level 10 in Armour
 10296 | D:11     | Reached skill level 13 in Axes
 10343 | D:11     | Noticed a brown ugly thing
 10362 | D:11     | Killed a brown ugly thing
 10790 | D:11     | Found a staircase to the Lair.
 10790 | D:11     | Noticed an elephant
 10808 | D:11     | Killed an elephant
 10809 | D:11     | Reached XP level 11. HP: 95/95 MP: 10/10
 10843 | Lair:1   | Entered Level 1 of the Lair of Beasts
 10972 | Lair:1   | You fall into a shaft and drop 1 floor!
 11021 | Lair:2   | Reached skill level 5 in Polearms
 11062 | Lair:2   | Slain by a komodo dragon

Illustrated notes

Levels and vault maps discovered:
D:1:      scummos_arrival_star, layout_basic, serial_shops,
          nicolae_shop_behind_doors
D:2:      layout_basic, basic_altar, hellmonk_ecumenical_altar_watching_god,
          grunt_ministairs_15, minmay_strange_pillars, minmay_fountain_box,
          uniq_terence
D:3:      layout_basic, mainiacjoe_overflow_cross_hatched,
          nicolae_ru_great_annihilating_truth, minivault_24,
          serial_bayou_crossing, uniq_jessica, uniq_sigmund, uniq_grinder
D:4:      layout_loops_corners, chei_slow_surprise, uniq_eustachio
D:5:      layout_gridville, uniq_duvessa
D:6:      kennysheep_steamy, layout_basic, bloody_makhleb, temple_hall,
          serial_corexii_hall, chequers_hall_statues_y,
          chequers_hall_statues_wall_a, corexii_hall_statues_t,
          corexii_hall_statues_x, corexii_hall_statues_u, corexii_hall_statues_u
D:7:      layout_rooms, enter_bailey_2, serial_park_tiny_pond, nicolae_evil_shop
D:8:      layout_cave_pools, nzn_hepliaklqana_mist_gate,
          gammafunk_temple_overflow_pools
D:9:      layout_cave_pods, nicolae_elyvilon_temple_path,
          grunt_dithmenos_shadows, orc_0_dummy, nicolae_titane
D:10:     layout_irregular_city, wad_floor_pattern_untrapped, minivault_27,
          minmay_starry_boxes, uniq_erolcha
D:11:     layout_stronghold, david_lair_generic, okawaru_gym_becter
Temple:   oiseaux_autumnal_temple
Lair:1:   layout_cellular_growth, chequers_serial_rivers_room_b,
          chequers_serial_rivers_small_a, st_stairs_5, evilmike_ambush
          [evilmike_ambush_outer_pillars, evilmike_ambush_inner_cross],
          serial_bayou_shore_b, grunt_megastairs_4
Lair:2:   dragon1_lemuel, layout_loops_ring, spider_nest_entry_web_field,
          serial_bayou_pond_e, chequers_serial_rivers_small_3, pond,
          infiniplex_staircase_pool_2

Skill      XL: |  1  2  3  4  5  6  7  8  9 10 11 |
---------------+----------------------------------+-----
Fighting       | 4 5 6 8 |  8.7
Axes           | 4 6 8 10 12 13 | 13.2
Armour         | 3 4 5 6 8 10 11 | 11.1
Throwing       | 1 2 |  2.7
Dodging        | 3 4 5 |  5.1
Stealth        | 1 2 3 |  3.3
Polearms       | 2 3 5 |  5.2
Ranged Weapons | 1 |  1.2
Long Blades    | |  0.3
Evocations     | |  0.7

Action                     |  1- 3 |  4- 6 |  7- 9 | 10-12 || total
---------------------------+-------+-------+-------+-------++-------
  Melee: Hand axe          |    51 |    66 |   263 |       ||   380
         Headbutt          |     5 |    16 |    62 |    38 ||   121
         Punch             |     1 |     1 |     7 |     6 ||    15
         Spear             |       |       |    17 |   113 ||   130
         War axe           |       |       |    16 |    44 ||    60
         Long sword        |       |       |    15 |       ||    15
         Trident           |       |       |     8 |       ||     8
  Throw: Dart              |     2 |    11 |    11 |       ||    24
         Boomerang         |       |       |       |     1 ||     1
 Invoke: Berserk           |       |       |     6 |     4 ||    10
         Brothers in Arms  |       |       |     1 |     1 ||     2
         Trog's Hand       |       |       |       |     2 ||     2
  Evoke: Wand              |       |       |     4 |       ||     4
    Use: Scroll            |     3 |     2 |     4 |     1 ||    10
         Potion            |     1 |     2 |     7 |       ||    10
   Stab: Sleeping          |     1 |       |       |       ||     1
         Paralysed         |       |     3 |       |       ||     3
         Invisible         |       |     1 |       |       ||     1
         Distracted        |       |       |     1 |     1 ||     2
 Armour: Animal skin       |     8 |       |       |       ||     8
         Chain mail        |     3 |    31 |   168 |       ||   202
         Scale mail        |       |       |    24 |    19 ||    43
         Plate armour      |       |       |       |    38 ||    38
  Dodge: Dodged            |    31 |    38 |   199 |    60 ||   328

Table legend: (Time is in decaauts)
 A = Elapsed time spent in this place.
 B = Non-inter-level travel time spent in this place.
 C = Inter-level travel time spent in this place.
 D = Time resting spent in this place.
 E = Time spent auto-exploring this place.
 F = Levels seen in this place.
 G = Mean time per level.
                   A        B        C        D        E       F      G
               +--------+--------+--------+--------+--------+-----+--------+
         Total |  11069 |  10428 |    641 |   2752 |      0 |  14 |  790.6 |
       Dungeon |  10845 |  10204 |    641 |   2752 |      0 |  11 |  985.9 |
        Temple |      1 |      1 |      0 |      0 |      0 |   1 |    1.0 |
          Lair |    222 |    222 |      0 |      0 |      0 |   2 |  111.0 |
               +--------+--------+--------+--------+--------+-----+--------+

Top non-repeatable levels by time:
     D:6: 1360 daAuts
     D:9: 1275 daAuts
    D:10: 1143 daAuts
     D:3: 1119 daAuts
     D:5: 1074 daAuts
     D:8: 934 daAuts
     D:2: 905 daAuts
     D:7: 844 daAuts
     D:4: 787 daAuts
     D:1: 767 daAuts
    D:11: 633 daAuts
  Lair:1: 126 daAuts
  Lair:2: 95 daAuts
  Temple: 1 daAuts
